 Dungeon Crawl Stone Soup version 0.22.0-6-g71bd7aa6b3 (webtiles) character file.

233 Flugkiller the Gusty (level 5, -2/28 HPs)
             Began as a Deep Elf Air Elementalist on Aug 14, 2018.
             Slain by Purgy (3 damage)
             ... on level 3 of the Dungeon.
             The game lasted 00:07:35 (3343 turns).

Flugkiller the Gusty (Deep Elf Air Elementalist)    Turns: 3343, Time: 00:07:36

Health: -2/28      AC:  3    Str:  5    XL:     5   Next: 75%
Magic:  6/13       EV: 13    Int: 21    God:
Gold:   173        SH:  0    Dex: 15    Spells: 6/13 levels left

rFire    . . .     SeeInvis .   (no weapon)
rCold    + . .     Gourm    .   (no shield)
rNeg     . . .     Faith    .   a - +0 robe
rPois    .         Spirit   .   i - +0 helmet
rElec    .         Reflect  .   (no cloak)
rCorr    .         Harm     .   (no gloves)
MR       .....                  (no boots)
Stlth    +++.......             (no amulet)
HPRegen  0.09/turn              t - ring of protection from cold
MPRegen  0.13/turn              j - ring of stealth

@: very slightly contaminated
A: no striking features
a: no special abilities


You were on level 3 of the Dungeon.
You were not hungry.

You visited 1 branch of the dungeon, and saw 4 of its levels.
You also visited: Ossuary.

You collected 173 gold pieces.

Inventory:

Armour
 a - a +0 robe (worn)
 i - a +0 helmet (worn)
Jewellery
 h - an uncursed ring of see invisible
 j - a ring of stealth (right hand)
 t - a ring of protection from cold (left hand)
 z - an uncursed ring of ice
Scrolls
 b - 2 scrolls of enchant armour {unknown}
 e - 4 scrolls of remove curse
 f - 2 scrolls of teleportation {unknown}
 g - 4 scrolls of amnesia {unknown}
 l - 6 scrolls of random uselessness {unknown}
 n - 4 scrolls of immolation {unknown}
 o - a scroll of magic mapping {unknown}
 p - a scroll of blinking {unknown}
 q - a scroll of enchant weapon {unknown}
 u - a scroll of noise {unknown}
 y - 4 scrolls of identify
Potions
 d - 2 potions of agility
 k - a potion of invisibility
 m - a potion of curing
 r - a potion of might {unknown}
 s - a potion of heal wounds {unknown}
 v - 2 potions of ambrosia {unknown}
 w - a potion of lignification {unknown}
 x - a potion of mutation {unknown}
Comestibles
 c - 4 rations


   Skills:
 - Level 2.4 Dodging
 - Level 2.4 Stealth
 + Level 4.6 Spellcasting
 * Level 4.0 Conjurations
 * Level 4.6 Air Magic


You had 6 spell levels left.
You knew the following spells:

 Your Spells              Type           Power        Failure   Level  Hunger
a - Shock                 Conj/Air       ###.         1%          1    None
b - Swiftness             Chrm/Air       ##......     7%          2    #......
c - Airstrike             Air            ###.......   16%         4    ####...

Your spell library contained the following spells:

 Spells                   Type           Power        Failure   Level  Hunger
 Lightning Bolt           Conj/Air       ###.......   45%         5    ######.
 Static Discharge         Conj/Air       ###.....     5%          3    ##.....


Dungeon Overview and Level Annotations

Branches:
Dungeon (4/15)
 Temple: D:4-7

Altars:
Gozag
Okawaru

Annotations:
D:3 Purgy


Message History

Casting: Shock (safe; 1% risk of failure)
Confirm with . or Enter, or press ? or * to list all spells.
Aiming: Shock (safe; 1% risk of failure)
Press: ? - help, Shift-Dir - straight line The zap misses Purgy.
The zap hits Purgy.
Purgy is almost dead.
Purgy barely misses you. x2; Purgy claws you.
* * * LOW HITPOINT WARNING * * *
Casting: Shock (safe; 1% risk of failure)
Confirm with . or Enter, or press ? or * to list all spells.
Aiming: Shock (safe; 1% risk of failure)
Press: ? - help, Shift-Dir - straight line The zap misses Purgy.
The zap hits Purgy.
Purgy is almost dead.
Purgy bites you.
* * * LOW HITPOINT WARNING * * *
Purgy claws you.
* * * LOW HITPOINT WARNING * * *
Purgy claws you.
You die...

##########
.........# ###
.........# #.#
#........# #.#
#).......#########.#
#####...<......T.#.#
##........######@#.#
...###....# ##.#.#
######....# #..#.#
..........# #.##.#
#####.....# #.##.#
##....# #.##.#
#.....# ###.##.#
#####.....###...##.#
...#......#...###..#


You could see Purgy.

Vanquished Creatures
  A centaur zombie (Ossuary)
  A worker ant (D:3)
  A big kobold zombie (Ossuary)
  3 mummies (Ossuary)
  2 adders (D:2)
  2 oozes
  3 worms (D:2)
  2 dart slugs (D:2)
  5 leopard geckos
  4 orcs
  5 giant cockroaches
  A gnoll zombie (Ossuary)
  2 goblins (D:2)
  7 hobgoblins
  2 jackals (D:4)
  7 kobolds
  4 quokkas
  4 bats
  A frilled lizard (D:2)
  A goblin zombie (Ossuary)
  A hobgoblin zombie (Ossuary)
  A jackal zombie (D:4)
  A kobold zombie (Ossuary)
  2 orc zombies (Ossuary)
  8 rats
71 creatures vanquished.

Notes
Turn   | Place    | Note
-------+----------+-------------------------------------------
     0 | D:1      | Flugkiller the Deep Elf Air Elementalist began the quest for the Orb.
     0 | D:1      | Reached XP level 1. HP: 10/10 MP: 6/6
    20 | D:1      | Reached XP level 2. HP: 9/15 MP: 0/8
   760 | D:2      | Reached XP level 3. HP: 19/19 MP: 5/9
  1375 | D:2      | Reached XP level 4. HP: 24/24 MP: 0/11
  1573 | D:2      | Found an opulent altar of Gozag.
  1848 | D:3      | Learned a level 2 spell: Swiftness
  1853 | D:3      | Learned a level 4 spell: Airstrike
  2008 | D:3      | Found an iron altar of Okawaru.
  2354 | D:4      | Found a sand-covered staircase.
  2368 | Ossuary  | Entered an ossuary
  2512 | Ossuary  | Reached XP level 5. HP: 26/28 MP: 4/13
  2897 | D:4      | Found an iron altar of Okawaru.
  2903 | D:4      | Noticed an ogre
  3241 | D:4      | Noticed Purgy
  3343 | D:3      | HP: 1/28 [Purgy (1)]
  3343 | D:3      | Slain by Purgy

Skill      XL: |  1  2  3  4  5 |
---------------+----------------+-----
Conjurations   | 2 3 4 |  4.0
Air Magic      | 4 |  4.6
Spellcasting   | 4 |  4.6
Dodging        | |  2.4
Stealth        | |  2.4

Action                   |  1- 3 |  4- 6 || total
-------------------------+-------+-------++-------
 Cast: Shock             |    75 |   108 ||   183
  Use: Scroll            |     2 |     3 ||     5
       Potion            |       |     1 ||     1
  Eat: Chunk             |     1 |     4 ||     5
       Ration            |       |     1 ||     1
Armor: Robe              |     1 |     7 ||     8
Dodge: Dodged            |    14 |    43 ||    57
